 Dungeon Crawl Stone Soup version 0.19.0-11-g3fc08b3 (webtiles) character file.

67 Banto the Slasher (level 4, 0/29 HPs)
             Began as a High Elf Skald on Nov 9, 2016.
             Succumbed to a worker ant's poison
             ... on level 3 of the Dungeon.
             The game lasted 00:02:11 (2029 turns).

Banto the Slasher (High Elf Skald)                  Turns: 2029, Time: 00:02:11

Health: 0/29       AC:  3    Str: 11    XL:     4   Next: 0%
Magic:  4/8        EV: 13    Int: 16    God:
Gold:   75         SH:  0    Dex: 15    Spells: 1 memorised, 6 levels left

rFire  . . .     SeeInvis .     a - +0 falchion
rCold  + . .     Gourm    .     b - +0 leather armour
rNeg   . . .     Faith    .     (no shield)
rPois  .         Spirit   .     (helmet restricted)
rElec  .         Reflect  .     (no cloak)
rCorr  .         Harm     .     (no gloves)
MR     .....                    (no boots)
Stlth  +.........               (no amulet)
                                (no ring)
                                (no ring)

@: lethally poisoned (0 -> -7), infused
A: antennae 1, cold resistance 1, screaming 1
a: no special abilities


You were on level 3 of the Dungeon.
You were not hungry.

You visited 1 branch of the dungeon, and saw 3 of its levels.

You collected 75 gold pieces.

Inventory:

Hand Weapons
 a - a +0 falchion (weapon)
 m - a +0 blowgun
Missiles
 n - 21 poisoned needles
Armour
 b - a +0 leather armour (worn)
Wands
 p - a wand of lightning (7/15)
Scrolls
 e - 2 scrolls of amnesia {unknown}
 g - 2 scrolls of teleportation {unknown}
 j - a scroll of identify
 k - a scroll of magic mapping {unknown}
 l - a scroll of fog {unknown}
 o - a scroll of fear {unknown}
 q - a scroll of recharging {unknown}
Potions
 f - a potion of brilliance
 h - a potion of agility
 i - 2 potions of resistance
Books
 c - a book of Battle

   Spells                             Type                      Level
   a - Infusion                       Charms                       1
   b - Shroud of Golubria             Charms/Translocation         2
   c - Song of Slaying                Charms                       2
   d - Spectral Weapon                Hexes/Charms                 3
   e - Regeneration                   Charms/Necromancy            3
Comestibles
 d - 3 bread rations


   Skills:
 - Level 2.0 Fighting
 + Level 4.1 Long Blades
 - Level 0.8 Armour
 + Level 3.0 Dodging
 - Level 2.4 Spellcasting
 - Level 3.6 Charms


You had 6 spell levels left.
You knew the following spells:

 Your Spells              Type           Power        Failure   Level  Hunger
a - Infusion              Chrm           ##..         8%          1    #......


Dungeon Overview and Level Annotations

Branches:
Dungeon (3/15)

Altars:

Annotations:
D:2 Sigmund


Innate Abilities, Weirdness & Mutations

You have a pair of small antennae on your head.
Your flesh is cold resistant. (rC+)
You occasionally shout uncontrollably at your foes.


Message History

You take 1 damage, and have 5/24 hp.
You closely miss the worker ant.
The worker ant is almost dead.
* * * LOW HITPOINT WARNING * * *
You feel sick.
The goblin shouts!
The worker ant closely misses you.
You take 1 damage, and have 4/24 hp.
You closely miss the worker ant.
The worker ant is almost dead.
* * * LOW HITPOINT WARNING * * *
You feel sick. The worker ant bites you.
* * * LOW HITPOINT WARNING * * *
You take 3 damage, and have 1/24 hp.
You hit the worker ant.
You kill the worker ant!
Your Long Blades skill increases to level 4!
Your Dodging skill increases to level 3!
You have reached level 4!
You die...

#.. #.. #.. #.# #.# #.... #.#
# ....####.######## #######
#.#.......@†....... .......
#.#...####.################
..........................
#.#.#...........#####.#####
#.>........#..#.# #.# # ##
.#<.g...#..#.# #.#####
....##..#....)#.#####......
..........##.##.#......######
#....#####.##.#.........'....#


You could see a goblin.

Vanquished Creatures
  A worker ant (D:3)
  An ooze (D:1)
  A dart slug (D:1)
  A leopard gecko (D:3)
  A ball python (D:3)
  6 bats
  3 giant cockroaches
  2 goblins (D:1)
  6 hobgoblins
  3 frilled lizards
  4 kobolds
  5 rats
34 creatures vanquished.

Notes
Turn   | Place    | Note
-------+----------+-------------------------------------------
     0 | D:1      | Banto the High Elf Skald began the quest for the Orb.
     0 | D:1      | Reached XP level 1. HP: 14/14 MP: 4/4
   285 | D:1      | Reached XP level 2. HP: 15/19 MP: 6/6
   558 | D:1      | Reached skill level 3 in Long Blades
  1043 | D:2      | Found a faded altar of an unknown god.
  1084 | D:2      | Noticed Sigmund
  1305 | D:3      | Gained mutation: You have a pair of small antennae on your head. [potion of mutation]
  1305 | D:3      | Gained mutation: You occasionally shout uncontrollably at your foes. [potion of mutation]
  1305 | D:3      | Gained mutation: Your flesh is cold resistant. (rC+) [potion of mutation]
  1347 | D:3      | Reached XP level 3. HP: 18/24 MP: 5/7
  2028 | D:3      | HP: 1/24 [worker ant (2)]
  2029 | D:3      | Reached skill level 4 in Long Blades
  2029 | D:3      | Reached XP level 4. HP: 1/29 MP: 4/8
  2029 | D:3      | Succumbed to a worker ant's poison

Skill      XL: |  1  2  3 |
---------------+----------+-----
Dodging        | 2 3 |  3.0
Long Blades    | 3 4 |  4.1
Fighting       | |  2.0
Armour         | |  0.8
Spellcasting   | |  2.4
Charms         | |  3.6

Action                   |  1- 3 |  4- 6 || total
-------------------------+-------+-------++-------
Melee: Falchion          |   105 |       ||   105
 Cast: Infusion          |     4 |       ||     4
  Use: Scroll            |     4 |       ||     4
       Potion            |     1 |       ||     1
 Stab: Sleeping          |     2 |       ||     2
  Eat: Chunk             |     4 |       ||     4
Armor: Leather armour    |    31 |       ||    31
Dodge: Dodged            |    75 |       ||    75
       Rpst.: Falchion   |    25 |       ||    25

Table legend:
 A = Turns spent in this place as a percentage of turns spent in the entire game.
 B = Non-inter-level travel turns spent in this place as a percentage of non-inter-level travel turns spent in the entire game.
 C = Inter-level travel turns spent in this place as a percentage of turns spent in this place.
 D = Turns resting spent in this place as a percentage of non-inter-level travel turns spent in this place.
 E = Turns spent auto-exploring this place as a percentage of non-inter-level travel turns spent in this place.
 F = Non-inter-level travel turns spent in this place divided by the number of levels of this place that you've seen.
                   A       B       C       D       E      F
               +-------+-------+-------+-------+-------+----------------------
         Total | 100.0 | 100.0 |   1.0 |   5.0 |  14.4 | 134.0
       Dungeon | 100.0 | 100.0 |   1.0 |   5.0 |  14.4 | 134.0
               +-------+-------+-------+-------+-------+----------------------

Table legend:
 A = Kills in this place as a percentage of kills in entire the game.
 B = Kills by you in this place as a percentage of kills by you in the entire game.
 C = Kills by friends in this place as a percentage of kills by friends in the entire game.
 D = Other kills in this place as a percentage of other kills in the entire game.
 E = Experience gained in this place as a percentage of experience gained in the entire game.
 F = Experience gained in this place divided by the number of levels of this place that you have seen.
                   A       B       C       D       E      F
               +-------+-------+-------+-------+-------+----------------------
         Total | 100.0 | 100.0 |  -nan |  -nan | 100.0 |  32.3
       Dungeon | 100.0 | 100.0 |  -nan |  -nan | 100.0 |  32.3
               +-------+-------+-------+-------+-------+----------------------
